 Dungeon Crawl Stone Soup version 0.23.1 (webtiles) character file.

Game seed: 18400234307637870962

102 PentaManta the Bolt Thrower (level 5, -5/33 HPs)
             Began as a Kobold Hunter on Mar 18, 2019.
             Slain by an orc priest
             ... wielding a +0 flail
              (8 damage)
             ... on level 3 of the Dungeon.
             The game lasted 00:06:17 (2972 turns).

PentaManta the Bolt Thrower (Kobold Hunter)         Turns: 2972, Time: 00:06:19

Health: -5/33      AC:  4    Str: 10    XL:     5   Next: 6%
Magic:  5/5        EV: 16    Int: 12    God:
Gold:   154        SH:  0    Dex: 16    Spells: 4/4 levels left

rFire    . . .     SeeInvis .   a - +1 hand crossbow
rCold    . . .     Gourm    .   (shield restricted)
rNeg     . . .     Faith    .   c - +0 leather armour
rPois    .         Spirit   .   s - +0 helmet
rElec    .         Reflect  .   (no cloak)
rCorr    .         Harm     .   (no gloves)
MR       .....                  (no boots)
Stlth    +++.......             (no amulet)
HPRegen  0.11/turn              l - ring of stealth
MPRegen  0.09/turn              (no ring)

@: no status effects
A: small, carnivore
a: no special abilities


You were on level 3 of the Dungeon.
You were not hungry.

You visited 1 branch of the dungeon, and saw 3 of its levels.

You collected 154 gold pieces.

Inventory:

Hand Weapons
 a - a +1 hand crossbow (weapon)
 b - a +0 short sword
Missiles
 i - 62 stones (quivered)
Armour
 c - a +0 leather armour (worn)
 s - a +0 helmet (worn)
Jewellery
 l - a ring of stealth (left hand)
Scrolls
 g - a scroll of remove curse {unknown}
 j - a scroll of enchant armour {unknown}
 k - a scroll of identify {unknown}
 m - a scroll of noise {unknown}
 p - 3 scrolls of amnesia {unknown}
Potions
 e - 2 potions of cancellation {unknown}
 h - a potion of might {unknown}
 n - 2 potions of mutation {unknown}
 o - 2 potions of brilliance {unknown}
 q - a potion of agility {unknown}
 r - a potion of curing
 t - a potion of heal wounds {unknown}
Comestibles
 f - 6 rations


   Skills:
 * Level 4.1 Fighting
 - Level 4.8 Crossbows
 + Level 3.5 Dodging
 + Level 3.3 Stealth


You had 4 spell levels left.
You didn't know any spells.
Your spell library was empty.

Dungeon Overview and Level Annotations

Branches:
Dungeon (3/15)

Altars:
Ashenzari
Nemelex Xobeh
Uskayaw
The Shining One


Innate Abilities, Weirdness & Mutations

You are small and have problems with some larger weapons.
You are carnivorous and can eat meat at any time.


Message History

The orc priest calls down the wrath of Beogh upon you.
Pain shoots through your body! The orc wizard barely misses you.
Firing (i - inventory. (/) - cycle)
d - 2 bolts (quivered)
Press: ? - help, Shift-Dir - straight line, f/p - orc priest
Aim: an orc priest, wielding a +0 flail (heavily wounded)
You shoot a bolt. The bolt barely misses the orc priest.
The orc priest misses you.
The orc wizard gestures at you while chanting.
The magic dart hits you!
* * * LOW HITPOINT WARNING * * *
Firing (i - inventory. (/) - cycle)
d - a bolt (quivered)
Press: ? - help, Shift-Dir - straight line, f/p - orc priest
Aim: an orc priest, wielding a +0 flail (heavily wounded)
You shoot a bolt. The bolt closely misses the orc priest.
The orc wizard closely misses you.
The orc priest calls down the wrath of Beogh upon you.
Pain shoots through your body!
* * * LOW HITPOINT WARNING * * *
The orc priest hits you with a +0 flail!
You die...

....#.......#....####
........_....(...#
....#.......#...######
....#.....o.#...(....#
....##.....##........#
....####.####........#
##.......)....#((#####
#.......####.###o######
.(......# #.# #@o(...#
.#......# #. ##..♣....
###.##### #. .♣_♣ ..
### ..♣.. .......
####... .<


You could see an orc priest and an orc wizard.

Vanquished Creatures
  3 adders (D:2)
  An ooze (D:3)
  A worm (D:2)
  3 dart slugs
  2 leopard geckos (D:2)
  2 orcs (D:3)
  6 bats
  8 goblins
  4 hobgoblins
  8 jackals
  A quokka (D:2)
  A ball python skeleton (D:2)
  5 frilled lizards (D:1)
  4 kobolds
  9 rats
58 creatures vanquished.

Notes
Turn   | Place    | Note
-------+----------+-------------------------------------------
     0 | D:1      | PentaManta the Kobold Hunter began the quest for the Orb.
     0 | D:1      | Reached XP level 1. HP: 12/12 MP: 1/1
    56 | D:1      | Reached XP level 2. HP: 3/18 MP: 2/2
   815 | D:1      | Reached XP level 3. HP: 20/23 MP: 3/3
  1746 | D:2      | Found a hide-covered altar of Uskayaw.
  1766 | D:2      | Reached XP level 4. HP: 28/28 MP: 4/4
  2562 | D:2      | Found a sparkling altar of Nemelex Xobeh.
  2765 | D:2      | Found a glowing golden altar of the Shining One.
  2888 | D:3      | Found a shattered altar of Ashenzari.
  2951 | D:3      | Found a faded altar of an unknown god.
  2958 | D:3      | Reached XP level 5. HP: 30/33 MP: 5/5
  2972 | D:3      | Slain by an orc priest

Skill      XL: |  1  2  3  4 |
---------------+-------------+-----
Stealth        | 2 3 |  3.3
Fighting       | 3 4 |  4.1
Dodging        | 3 |  3.5
Crossbows      | |  4.8

Action                   |  1- 3 |  4- 6 || total
-------------------------+-------+-------++-------
Melee: Short sword       |   130 |    67 ||   197
       Hand crossbow     |       |     1 ||     1
 Fire: Hand crossbow     |     8 |    30 ||    38
  Use: Potion            |       |     2 ||     2
 Stab: Sleeping          |     5 |     2 ||     7
  Eat: Chunk             |     4 |     3 ||     7
Armor: Leather armour    |    36 |    21 ||    57
Dodge: Dodged            |   113 |    76 ||   189
